 Dungeon Crawl Stone Soup version 0.23-a0-726-g9fa1570 (console) character file.

70 Duffy the Shield-Bearer (level 4, -3/42 HPs)
             Began as a Naga Fighter on Jan 16, 2019.
             Slain by an orc priest
             ... wielding a +0 war axe
              (8 damage)
             ... on level 2 of the Dungeon.
             The game lasted 00:01:19 (1761 turns).

Duffy the Shield-Bearer (Naga Fighter)              Turns: 1761, Time: 00:01:20

Health: -3/42      AC:  9    Str: 19    XL:     4   Next: 21%
Magic:  4/4        EV:  1    Int:  9    God:
Gold:   47         SH:  9    Dex: 10    Spells: 3/3 levels left

rFire    . . .     SeeInvis +   a - +0 war axe
rCold    . . .     Gourm    .   c - +0 shield
rNeg     . . .     Faith    .   m - +0 plate armour
rPois    +         Spirit   .   e - +1 hat
rElec    .         Reflect  .   i - +0 cloak
rCorr    .         Harm     .   (no gloves)
MR       .....                  (no barding)
Stlth    ..........             (no amulet)
HPRegen  0.14/turn              (no ring)
MPRegen  0.09/turn              (no ring)

@: slowed, very slow
A: large, see invisible, deformed body, poison resistance, slowness 2, slow
metabolism 1, spit poison 1, AC +1
a: Spit Poison


You were on level 2 of the Dungeon.
You were not hungry.

You visited 1 branch of the dungeon, and saw 2 of its levels.

You collected 47 gold pieces.

Inventory:

Hand Weapons
 a - a +0 war axe (weapon)
Armour
 c - a +0 shield (worn)
 e - a +1 hat (worn)
 i - a +0 cloak (worn)
 m - a +0 plate armour (worn)
Scrolls
 h - 3 scrolls of remove curse {unknown}
 j - a scroll of random uselessness {unknown}
Potions
 d - a potion of might
 g - a potion of mutation {unknown}
 k - a potion of flight {unknown}
Comestibles
 f - 5 rations
 l - 7 chunks of flesh


   Skills:
 - Level 3.0 Fighting
 + Level 3.3 Axes
 - Level 2.4 Armour
 + Level 3.3 Shields


You had 3 spell levels left.
You didn't know any spells.
Your spell library was empty.

Dungeon Overview and Level Annotations

Branches:
Dungeon (2/15)

Altars:


Innate Abilities, Weirdness & Mutations

You cannot wear boots.
Your serpentine skin is tough. (AC +1)
You have supernaturally acute eyesight. (SInv)
Armour fits poorly on your strangely shaped body.
Your system is resistant to poisons. (rPois)
You cover ground very slowly.
You have a slow metabolism.
You can spit poison.


Message History

The orc wizard is almost dead.
You hit the orc priest but do no damage.
The orc wizard casts a spell at you. The magic dart hits you!
The orc priest hits you but does no damage.
Some of the chunks of flesh in your inventory have rotted away.
You miss the orc wizard.
The orc wizard is almost dead.
You closely miss the orc priest.
The orc wizard points at you and mumbles some strange words.
You feel yourself slow down.
The orc priest hits you but does no damage.
You block the orc wizard's attack.
You hit the orc priest but do no damage.
The orc priest is almost dead.
Your shield and plate armour prevent you from hitting the orc wizard.
The orc priest looks braver for a moment.
You block the orc wizard's attack.
The orc priest hits you with a +0 war axe!
You die...

#.....##.
##.......
##.......##
#.........#
#.........#
#......>..#
..###.o%....#
..'...o@...#
..####....##
##..## #####(#
.. #....#.# #'#
#.###.## #.#
#.# ## #.# #.#
######.######.#


You could see an orc priest and an orc wizard.

Vanquished Creatures
  3 gnolls
  2 worms (D:2)
  A dart slug (D:1)
  3 orcs (D:2)
  A giant cockroach (D:1)
  4 goblins (D:1)
  4 hobgoblins
  5 kobolds
  A ball python (D:2)
  3 bats (D:1)
  A frilled lizard (D:1)
  2 rats (D:1)
30 creatures vanquished.

Notes
Turn   | Place    | Note
-------+----------+-------------------------------------------
     0 | D:1      | Duffy the Naga Fighter began the quest for the Orb.
     0 | D:1      | Reached XP level 1. HP: 21/21 MP: 1/1
   153 | D:1      | Reached XP level 2. HP: 24/28 MP: 2/2
  1081 | D:1      | Reached XP level 3. HP: 28/34 MP: 3/3
  1587 | D:2      | Reached XP level 4. HP: 42/42 MP: 4/4
  1761 | D:2      | Slain by an orc priest

Vault maps used:
D:1:      ncdulo_wetmaze
D:2:      lemuel_doored_altar, minivault_25, uniq_terence, uniq_natasha

Skill      XL: |  1  2  3 |
---------------+----------+-----
Shields        | 3 |  3.3
Axes           | 3 |  3.3
Fighting       | |  3.0
Armour         | |  2.4

Action                   |  1- 3 |  4- 6 || total
-------------------------+-------+-------++-------
Melee: War axe           |    80 |    48 ||   128
  Eat: Chunk             |     1 |     1 ||     2
Armor: Scale mail        |    40 |       ||    40
       Plate armour      |       |    29 ||    29
Dodge: Dodged            |    19 |     1 ||    20
Block: Shield            |    48 |    25 ||    73

Table legend:
 A = Non-vault XP
 B = Vault XP
 C = Vault XP percentage of total XP
 D = Non-vault monster count
 E = Vault monster count
 F = Vault count percentage of total count
                 A         B        C        D         E       F
            +---------+---------+-------+---------+---------+-------
      Total |     100 |       0 |   0.0 |      30 |       0 |   0.0
            +---------+---------+-------+---------+---------+-------
        D:1 |      60 |       0 |   0.0 |      20 |       0 |   0.0
        D:2 |      40 |       0 |   0.0 |      10 |       0 |   0.0
            +---------+---------+-------+---------+---------+-------
